 Dungeon Crawl Stone Soup version 0.25.0-46-gbd7b0854d2 (webtiles) character file.

Game seed: 4829895663250988354

491 Milting the Magician (level 7, -2/43 HPs)
             Began as an Octopode Transmuter on July 13, 2020.
             Was a Follower of Okawaru.
             Slain by a kobold (3 damage)
             ... on level 5 of the Dungeon.
             The game lasted 00:18:43 (5529 turns).

Milting the Magician (Octopode Transmuter)          Turns: 5529, Time: 00:18:44

Health: -2/43      AC:  1    Str: 11    XL:     7   Next: 14%
Magic:  22/24      EV: 13    Int: 15    God:    Okawaru [*.....]
Gold:   83         SH:  0    Dex: 13    Spells: 15/16 levels left

rFire    . . .     SeeInvis .     - Unarmed
rCold    + . .     Gourm    .   (no shield)
rNeg     . . .     Faith    .   (helmet restricted)
rPois    +         Spirit   .   (no amulet)
rElec    .         Reflect  .   o - ring of protection from cold
rCorr    .         Harm     .   f - ring of magical power
MR       .....                  k - ring of poison resistance
Stlth    ++........             (no ring)
HPRegen  0.14/turn              (no ring)
MPRegen  0.19/turn              (no ring)
                                (no ring)
                                (no ring)

@: no status effects
A: almost no armour, stealthy swim, amphibious, 8 rings, constrict 8, camouflage
1, gelatinous body 1
a: Heroism, Renounce Religion


You were on level 5 of the Dungeon.
You worshipped Okawaru.
Okawaru was aware of your devotion.
You were hungry.

You visited 1 branch of the dungeon, and saw 5 of its levels.

You collected 83 gold pieces.

Inventory:

Missiles
 a - 34 arrows
 e - 149 stones (quivered)
 h - 14 bolts
 l - 24 poisoned darts
 q - 2 curare-tipped darts
Jewellery
 f - a ring of magical power (right tentacle)
 k - a ring of poison resistance (on tentacle)
 o - a ring of protection from cold (left tentacle)
Wands
 m - a wand of iceblast (11)
Scrolls
 b - 3 scrolls of remove curse
 j - 2 scrolls of identify
 n - a scroll of amnesia {unknown}
 p - 2 scrolls of teleportation {unknown}
 s - a scroll of fog {unknown}
 t - a scroll of enchant weapon {unknown}
Potions
 d - a potion of resistance {unknown}
 i - a potion of stabbing {unknown}
 r - a potion of magic {unknown}
Comestibles
 c - 7 rations


   Skills:
 - Level 1.0 Fighting
 - Level 2.0 Dodging
 - Level 3.0 Unarmed Combat
 + Level 5.3 Spellcasting
 + Level 5.1 Transmutations


You had 15 spell levels left.
You knew the following spells:

 Your Spells              Type           Power        Failure   Level  Hunger
a - Beastly Appendage     Tmut           ###...       1%          1    None

Your spell library contained the following spells:

 Spells                   Type           Power        Failure   Level  Hunger
 Sticks to Snakes         Tmut           ###.....     3%          2    #......
 Spider Form              Tmut/Pois      ##........   17%         3    ###....
 Blade Hands              Tmut           ###.......   47%         5    ######.
 Ice Form                 Ice/Tmut       ##......     50%         4    ####...


Dungeon Overview and Level Annotations

Branches:
Dungeon (5/15)
 Temple: D:4-7

Altars:
Okawaru


Innate Abilities, Weirdness & Mutations

You cannot wear most types of armour.
You are very stealthy in the water. (Stealth+)
You are amphibious.
You can wear up to eight rings at the same time.
You can use your tentacles to constrict eight enemies at once.
Your skin changes colour to match your surroundings (Stealth+).
Your rubbery body absorbs attacks. (AC +1, EV +1)


Message History

The kobold closely misses you. The big kobold misses you.
You climb downwards.
There is a stone staircase leading up here.
You tentacle-slap the big kobold but do no damage.
You grab the big kobold.
The big kobold is severely wounded.
You constrict the big kobold, but do no damage.
The kobold hits you.
* * * LOW HITPOINT WARNING * * *
The big kobold hits you with a +3 dagger of electrocution.
* * * LOW HITPOINT WARNING * * *
You tentacle-slap the big kobold.
The big kobold is almost dead.
You constrict the big kobold.
You kill the big kobold!
Okawaru accepts your kill.
Your Transmutations skill increases to level 5!
You have reached level 7!
The kobold hits you.
You die...

#....#
#....#
#....+
#....#
#####...[#
.........#
.......K.#
.......@.#
.<....)[.#
........>#
...(......
.....######
#+###


You could see a kobold.

Vanquished Creatures
  An ogre (D:4)
  A big kobold (D:5)
  A scorpion (D:4)
  An orc priest (D:4)
  A hound (D:4)
  An orc wizard (D:4)
  A worker ant (D:4)
  5 adders
  6 worms
  3 dart slugs
  8 orcs
  4 ball pythons
  7 giant cockroaches
  8 goblins
  11 hobgoblins
  6 jackals
  18 bats
  5 frilled lizards
  17 kobolds
  11 rats
116 creatures vanquished.

Vanquished Creatures (others)
  A plant (D:4)
1 creature vanquished.

Grand Total: 117 creatures vanquished

Notes
Turn   | Place    | Note
-------+----------+-------------------------------------------
     0 | D:1      | Milting the Octopode Transmuter began the quest for the
                  | Orb.
     0 | D:1      | Reached XP level 1. HP: 13/13 MP: 3/3
   123 | D:1      | Reached XP level 2. HP: 18/18 MP: 5/5
   890 | D:1      | Reached XP level 3. HP: 21/23 MP: 7/7
  2379 | D:2      | Reached XP level 4. HP: 28/28 MP: 8/8
  2430 | D:2      | Found an iron altar of Okawaru.
  2439 | D:2      | Became a worshipper of Warmaster Okawaru
  3673 | D:3      | Reached XP level 5. HP: 25/33 MP: 10/10
  4688 | D:4      | Reached XP level 6. HP: 28/38 MP: 12/12
  5069 | D:4      | Reached * piety under Okawaru
  5163 | D:4      | Reached skill level 5 in Spellcasting
  5523 | D:5      | Entered Level 5 of the Dungeon
  5528 | D:5      | HP: 1/38 [big kobold/+3 dagger of electrocution (3)]
  5529 | D:5      | Reached skill level 5 in Transmutations
  5529 | D:5      | Reached XP level 7. HP: 1/43 MP: 15/15
  5529 | D:5      | Slain by a kobold

Illustrated notes

Levels and vault maps discovered:
D:1:      dpeg_arrival_rooms_with_view, layout_loops_corners
D:2:      minmay_skewed_foursquare, layout_rooms, okawaru_gym_becter
D:3:      layout_basic, first_ration, minmay_splitting_lines
D:4:      kennysheep_kobold_camp, layout_loops_ring
D:5:      layout_gridville, serial_shops, nicolae_shop_statue_plus,
          uniq_grinder, uniq_duvessa

Skill      XL: |  1  2  3  4  5  6 |
---------------+-------------------+-----
Spellcasting   | 3 4 5 |  5.3
Transmutations | 3 4 5 |  5.1
Fighting       | |  1.0
Dodging        | |  2.0
Unarmed Combat | |  3.0

Action                   |  1- 3 |  4- 6 |  7- 9 || total
-------------------------+-------+-------+-------++-------
Melee: Unarmed           |   106 |   164 |       ||   270
       Constrict         |    30 |    52 |       ||    82
       Tentacles         |    15 |    36 |       ||    51
       Punch             |     2 |     1 |       ||     3
       Kick              |     6 |    23 |       ||    29
Throw: Stone             |       |    53 |       ||    53
 Cast: Beastly Appendage |     5 |    18 |       ||    23
Evoke: Wand              |       |     1 |       ||     1
  Use: Scroll            |       |     4 |       ||     4
       Potion            |       |     3 |       ||     3
 Stab: Sleeping          |     9 |     5 |       ||    14
  Eat: Chunk             |     5 |     9 |       ||    14
Armor: Skin              |    21 |    20 |       ||    41
Dodge: Dodged            |    72 |    85 |       ||   157
